 Dungeon Sprint DCSS version 0.22-a0-135-g6f012ad (webtiles) character file.

431 Faca the Quickloader (level 6, -3/53 HPs)
             Began as a Gnoll Hunter on Jan 31, 2018.
             Was a Follower of Okawaru.
             Slain by a queen bee (12 damage)
             ... in the Dungeon (Sprint IV: "Fedhas' Mad Dash").
             The game lasted 00:04:08 (1541 turns).

Faca the Quickloader (Gnoll Hunter)                 Turns: 1541, Time: 00:04:09

Health: -3/53      AC:  4    Str: 17    XL:     6   Next: 99%
Magic:  12/13      EV: 20    Int: 13    God:    Okawaru [*.....]
Gold:   109        SH:  7    Dex: 15    Spells: 14/14 levels left

rFire    . . .     SeeInvis .   b - +0 short sword
rCold    . . .     Gourm    .   g - +0 buckler
rNeg     . . .     Faith    .   c - +0 leather armour
rPois    .         Spirit   .   (no helmet)
rElec    .         Reflect  .   (no cloak)
rCorr    .         Harm     .   (no gloves)
MR       .....     NoTele   +   (no boots)
Stlth    ++++......             n - amulet of invisibility {+Inv}
HPRegen  0.17/turn              (no ring)
MPRegen  0.13/turn              (no ring)

@: lethally poisoned (-3 -> -13), heroism
A: distributed training, fangs 1, strong nose
a: Heroism, Renounce Religion, Evoke Invisibility


You were in the Dungeon.
You worshipped Okawaru.
Okawaru was aware of your devotion.
You were not hungry.

You visited 1 branch You collected 109 gold pieces.

Inventory:

Hand Weapons
 a - a +2 hand crossbow
 b - a +0 short sword (weapon)
Armour
 c - a +0 leather armour (worn)
 g - a +0 buckler (worn)
Jewellery
 n - the amulet of invisibility (around neck) {+Inv}
   (You found it in the Dungeon)

   [amulet of nothing]

   It lets you turn invisible.
Scrolls
 k - a scroll of blinking
Potions
 e - a potion of curing
 h - a potion of haste
 i - 2 potions of magic
 j - a potion of berserk rage
 m - 2 potions of degeneration {unknown}


   Skills:
 + Level 6.8(11.8) Fighting
 + Level 4.9(9.9) Short Blades
 + Level 4.9(9.9) Long Blades
 + Level 4.9(9.9) Axes
 + Level 4.9(9.9) Maces & Flails
 + Level 4.9(9.9) Polearms
 + Level 4.9(9.9) Staves
 + Level 4.9(9.9) Slings
 + Level 4.9(9.9) Bows
 + Level 9.9(14.9) Crossbows
 + Level 4.9(9.9) Throwing
 + Level 4.9(9.9) Armour
 + Level 6.8(11.8) Dodging
 + Level 5.5(10.5) Stealth
 + Level 4.9(9.9) Shields
 + Level 4.9(9.9) Unarmed Combat
 + Level 4.9 Spellcasting
 + Level 4.1 Conjurations
 + Level 4.1 Hexes
 + Level 4.1 Charms
 + Level 4.1 Summonings
 + Level 4.1 Necromancy
 + Level 4.1 Translocations
 + Level 4.1 Transmutations
 + Level 4.1 Fire Magic
 + Level 4.1 Ice Magic
 + Level 4.1 Air Magic
 + Level 4.1 Earth Magic
 + Level 4.1 Poison Magic
 + Level 5.4 Invocations
 + Level 4.9 Evocations


You had 14 spell levels left.
You didn't know any spells.

Dungeon Overview and Level Annotations

Branches:
Dungeon (1/1)

Altars:
Cheibriados
Dithmenos
Elyvilon
Gozag
Hepliaklqana
Kikubaaqudgha
Makhleb
Nemelex Xobeh
Okawaru
Qazlal
Ru
Sif Muna
Trog
Uskayaw
Vehumet
Wu Jian
Xom
Yredelemnul
Zin
The Shining One
Beogh
Jiyva
Lugonu

Shops:
D [[


Innate Abilities, Weirdness & Mutations

Your experience applies equally to all skills.
You have very sharp teeth.
Your uncanny sense of smell can sniff out nearby items.


Message History

* * * LOW HITPOINT WARNING * * *
You feel sick.
You hit the queen bee.
The queen bee is moderately wounded.
* * * LOW HITPOINT WARNING * * *
You feel sick. You block the queen bee's attack.
You hit the queen bee.
The queen bee is heavily wounded.
You block the queen bee's attack.
You closely miss the queen bee.
You bite the queen bee, but do no damage.
The queen bee is heavily wounded.
* * * LOW HITPOINT WARNING * * *
You feel sick.
You puncture the queen bee!
You bite the queen bee, but do no damage.
The queen bee is severely wounded.
* * * LOW HITPOINT WARNING * * *
You feel sick. The queen bee stings you!
You die...

################################
#<..P#.....#.....#.⌠._._._._.⌠.#
#PP..††....'.#...'.._._._._._..'
#PPPP#.....#.#...#..._._._._...#
###############@##.._._._._._..#
♣........(y..#._._._._._.⌠.#
∆y....♣...(.#...###############
... ♣..♣..###### ∆ + #+##### ∆ ∆
∆ ∆∆∆∆ ∆ ∆ ∆ ∆∆ ∆ ∆


You could see a queen bee.

Vanquished Creatures
  A scorpion (D)
  4 killer bees (D)
  4 oklob saplings (D)
  A worker ant (D)
  2 spriggans (D)
  A river rat (D)
  A rat (D)
14 creatures vanquished.

Notes
Turn   | Place    | Note
-------+----------+-------------------------------------------
     0 | D        | Faca the Gnoll Hunter began the quest for the Orb.
     0 | D        | Reached XP level 1. HP: 20/20 MP: 1/1
     9 | D        | Reached skill level 1 in Short Blades
     9 | D        | Reached skill level 1 in Long Blades
     9 | D        | Reached skill level 1 in Axes
     9 | D        | Reached skill level 1 in Maces & Flails
     9 | D        | Reached skill level 1 in Polearms
     9 | D        | Reached skill level 1 in Staves
     9 | D        | Reached skill level 1 in Slings
     9 | D        | Reached skill level 1 in Bows
     9 | D        | Reached skill level 1 in Throwing
     9 | D        | Reached skill level 1 in Armour
     9 | D        | Reached skill level 1 in Shields
     9 | D        | Reached skill level 1 in Unarmed Combat
     9 | D        | Reached skill level 1 in Spellcasting
     9 | D        | Reached skill level 1 in Invocations
     9 | D        | Reached skill level 1 in Evocations
     9 | D        | Reached XP level 2. HP: 17/26 MP: 1/3
   116 | D        | Noticed an oklob sapling
   121 | D        | Killed an oklob sapling
   121 | D        | Reached skill level 5 in Fighting
   121 | D        | Reached skill level 5 in Dodging
   121 | D        | Reached skill level 1 in Conjurations
   121 | D        | Reached skill level 1 in Hexes
   121 | D        | Reached skill level 1 in Charms
   121 | D        | Reached skill level 1 in Summonings
   121 | D        | Reached skill level 1 in Necromancy
   121 | D        | Reached skill level 1 in Translocations
   121 | D        | Reached skill level 1 in Transmutations
   121 | D        | Reached skill level 1 in Fire Magic
   121 | D        | Reached skill level 1 in Ice Magic
   121 | D        | Reached skill level 1 in Air Magic
   121 | D        | Reached skill level 1 in Earth Magic
   121 | D        | Reached skill level 1 in Poison Magic
   121 | D        | Reached XP level 3. HP: 33/33 MP: 3/5
   148 | D        | Found the amulet of invisibility {+Inv}
   155 | D        | Reached XP level 4. HP: 17/39 MP: 5/7
   386 | D        | Found an opulent altar of Gozag.
   386 | D        | Found a hazy altar of Hepliaklqana.
   386 | D        | Found a roughly hewn altar of Beogh.
   386 | D        | Found a snail-covered altar of Cheibriados.
   387 | D        | Found a burning altar of Makhleb.
   387 | D        | Found a sparkling altar of Nemelex Xobeh.
   387 | D        | Found a sacrificial altar of Ru.
   387 | D        | Found a deep blue altar of Sif Muna.
   387 | D        | Found a shimmering altar of Xom.
   387 | D        | Found a basalt altar of Yredelemnul.
   388 | D        | Found a viscous altar of Jiyva.
   388 | D        | Found a bloodstained altar of Trog.
   388 | D        | Found an ornate altar of the Wu Jian Council.
   388 | D        | Noticed an oklob sapling priest
   393 | D        | Killed an oklob sapling priest
   393 | D        | Reached skill level 9 in Crossbows
   600 | D        | Found an iron altar of Okawaru.
   600 | D        | Found a shadowy altar of Dithmenos.
   600 | D        | Found a glowing silver altar of Zin.
   601 | D        | Found a hide-covered altar of Uskayaw.
   601 | D        | Found an ancient bone altar of Kikubaaqudgha.
   602 | D        | Found a stormy altar of Qazlal.
   602 | D        | Found a glowing golden altar of the Shining One.
   602 | D        | Found a white marble altar of Elyvilon.
   603 | D        | Found a radiant altar of Vehumet.
   603 | D        | Found a corrupted altar of Lugonu.
   609 | D        | Became a worshipper of Warmaster Okawaru
   621 | D        | Reached XP level 5. HP: 36/46 MP: 8/10
   715 | D        | Reached XP level 6. HP: 19/52 MP: 10/12
   907 | D        | Found Zosovit's Armour Shop.
   907 | D        | Found Paiwn's Armour Emporium.
   916 | D        | Noticed a burning bush
   916 | D        | Noticed a wandering mushroom
  1081 | D        | Noticed a queen bee
  1098 | D        | Reached skill level 5 in Stealth
  1339 | D        | Reached skill level 5 in Invocations
  1517 | D        | Reached * piety under Okawaru
  1541 | D        | Slain by a queen bee

Vault maps used:
D:        dungeon_sprint_fedhas

Skill      XL: |  1  2  3  4  5  6 |
---------------+-------------------+-----
Short Blades   | 1 2 3 4 |  4.9
Long Blades    | 1 2 3 4 |  4.9
Axes           | 1 2 3 4 |  4.9
Maces & Flails | 1 2 3 4 |  4.9
Polearms       | 1 2 3 4 |  4.9
Staves         | 1 2 3 4 |  4.9
Slings         | 1 2 3 4 |  4.9
Bows           | 1 2 3 4 |  4.9
Throwing       | 1 2 3 4 |  4.9
Armour         | 1 2 3 4 |  4.9
Shields        | 1 2 3 4 |  4.9
Unarmed Combat | 1 2 3 4 |  4.9
Spellcasting   | 1 2 3 4 |  4.9
Invocations    | 1 2 3 4 5 |  5.4
Evocations     | 1 2 3 4 |  4.9
Fighting       | 5 6 |  6.8
Dodging        | 5 6 |  6.8
Stealth        | 3 4 5 |  5.5
Conjurations   | 1 2 3 4 |  4.1
Hexes          | 1 2 3 4 |  4.1
Charms         | 1 2 3 4 |  4.1
Summonings     | 1 2 3 4 |  4.1
Necromancy     | 1 2 3 4 |  4.1
Translocations | 1 2 3 4 |  4.1
Transmutations | 1 2 3 4 |  4.1
Fire Magic     | 1 2 3 4 |  4.1
Ice Magic      | 1 2 3 4 |  4.1
Air Magic      | 1 2 3 4 |  4.1
Earth Magic    | 1 2 3 4 |  4.1
Poison Magic   | 1 2 3 4 |  4.1
Crossbows      | 9 |  9.9

Action                   |  1- 3 |  4- 6 || total
-------------------------+-------+-------++-------
Melee: Short sword       |       |    35 ||    35
       Bite              |       |     7 ||     7
 Fire: Hand crossbow     |    19 |    46 ||    65
Invok: Heroism           |       |     1 ||     1
  Use: Potion            |       |     1 ||     1
       Scroll            |       |     1 ||     1
  Eat: Ration            |       |     1 ||     1
Armor: Leather armour    |     1 |     6 ||     7
Dodge: Dodged            |     6 |    48 ||    54
Block: Buckler           |       |     8 ||     8

Table legend:
 A = Spawn XP
 B = Non-spawn XP
 C = Spawn XP percentage of total XP
 D = Spawn monster count
 E = Non-spawn monster count
 F = Spawn count percentage of total count
 G = Total turns spent on level
                    A         B        C        D         E        F      G
               +---------+---------+-------+---------+---------+-------+---------
         Total |       0 |     616 |   0.0 |       0 |      14 |   0.0 |  1541
               +---------+---------+-------+---------+---------+-------+---------
             D |       0 |     616 |   0.0 |       0 |      14 |   0.0 |  1541
               +---------+---------+-------+---------+---------+-------+---------
